 Dungeon Crawl Stone Soup version 0.19.5 (webtiles) character file.

77 peegee42 the Sneak (level 4, -2/33 HPs)
             Began as a Vampire Assassin on May 3, 2017.
             Slain by Sigmund
             ... wielding a +4 scythe
              (14 damage)
             ... on level 2 of the Dungeon on May 5, 2017.
             The game lasted 00:06:39 (2104 turns).

peegee42 the Sneak (Vampire Assassin)               Turns: 2104, Time: 00:06:40

Health: -2/33      AC:  3    Str: 10    XL:     4   Next: 13%
Magic:  4/4        EV: 12    Int: 13    God:
Gold:   10         SH:  0    Dex: 16    Spells: 0 memorised, 3 levels left

rFire  . . .     SeeInvis +     a - +2 dagger
rCold  + + .     Gourm    .     c - +0 robe
rNeg   + + +     Faith    .     (no shield)
rPois  ∞         Spirit   .     (no helmet)
rElec  .         Reflect  .     d - +0 cloak
rCorr  .         Harm     .     (no gloves)
MR     .....                    (no boots)
Stlth  ++++......               (no amulet)
                                (no ring)
                                (no ring)

@: confused, bloodless, non-regenerating
A: fangs 3, see invisible, unbreathing
a: Bat Form


You were on level 2 of the Dungeon.
You were bloodless.

You visited 1 branch of the dungeon, and saw 2 of its levels.

You collected 10 gold pieces.

Inventory:

Hand Weapons
 a - a +2 dagger (weapon)
 b - a +0 blowgun
Missiles
 e - 8 poisoned needles
 f - 2 curare-tipped needles
Armour
 c - a +0 robe (worn)
 d - a +0 cloak (worn)
Scrolls
 i - a scroll of remove curse {unknown}
 k - a scroll of enchant weapon {unknown}
 m - a scroll of amnesia {unknown}
 p - a scroll of recharging {unknown}
Potions
 g - 16 potions of blood
 h - a potion of curing {unknown}
 j - a potion of cure mutation {unknown}
 l - a potion of might {unknown}
 n - a potion of degeneration {unknown}
 o - a potion of heal wounds {unknown}


   Skills:
 + Level 2.0 Fighting
 + Level 3.1 Short Blades
 + Level 1.5 Throwing
 + Level 1.3 Dodging
 + Level 7.6 Stealth


You had 3 spell levels left.
You didn't know any spells.

Dungeon Overview and Level Annotations

Branches:
Dungeon (2/15)

Altars:

Annotations:
D:2 Sigmund


Innate Abilities, Weirdness & Mutations

You do not heal naturally.
You are immune to poison.
You have razor-sharp teeth.
You have supernaturally acute eyesight. (SInv)
You can survive without breathing.


Message History

You hit Sigmund. You bite Sigmund, but do no damage.
Sigmund is heavily wounded.
Sigmund closely misses you.
You hit Sigmund but do no damage. Your bite misses Sigmund.
Sigmund is heavily wounded.
You closely miss Sigmund.
Sigmund is heavily wounded.
Sigmund points at you and mumbles some strange words.
You are confused.
You hit Sigmund. Your bite misses Sigmund.
Sigmund is severely wounded.
Sigmund completely misses you.
You hit Sigmund.
Sigmund is almost dead.
You closely miss Sigmund.
Sigmund is almost dead.
Sigmund hits you with an enchanted scythe!
You bump into the rock wall.
Sigmund hits you with an enchanted scythe!
You die...

.....##.# #.#####.#
..#####.# #.......#
......[## ..####.#######
.....#.##....#########
...#......##....@....#
.....#.########.@#...#
.......# #.#_#....
#.....####### #..#...##
#.#....§§§§.# #......#
#.#...§§§§..####..#....
......#§§§§§.÷....#####.
....%.§..§§§..<...#
..........§§..........
.....§....§§.....###..


You could see Sigmund (invisible).

Vanquished Creatures
  A gnoll (D:1)
  An adder (D:2)
  A worm (D:2)
  3 dart slugs
  2 leopard geckos
  A ball python (D:2)
  4 bats
  2 giant cockroaches (D:2)
  5 goblins
  8 hobgoblins
  6 kobolds
  2 quokkas (D:2)
  A frilled lizard (D:1)
  A giant cockroach zombie (D:2)
  A jackal skeleton (D:2)
  A leopard gecko skeleton (D:2)
  A leopard gecko zombie (D:2)
  4 rats
45 creatures vanquished.

Notes
Turn   | Place    | Note
-------+----------+-------------------------------------------
     0 | D:1      | peegee42 the Vampire Assassin began the quest for the Orb.
     0 | D:1      | Reached XP level 1. HP: 16/16 MP: 1/1
    34 | D:1      | Reached skill level 6 in Stealth
   210 | D:1      | Reached XP level 2. HP: 14/22 MP: 2/2
   608 | D:1      | Reached skill level 7 in Stealth
   608 | D:1      | Reached XP level 3. HP: 3/27 MP: 3/3
  1385 | D:2      | HP: 1/27 [hobgoblin/club (4)]
  1914 | D:2      | Reached XP level 4. HP: 25/33 MP: 4/4
  2078 | D:2      | Noticed Sigmund
  2079 | D:2      | Found a faded altar of an unknown god.
  2104 | D:2      | Slain by Sigmund

Skill      XL: |  1  2  3 |
---------------+----------+-----
Stealth        | 6 7 |  7.6
Fighting       | 2 |  2.0
Short Blades   | 3 |  3.1
Throwing       | |  1.5
Dodging        | |  1.3

Action                   |  1- 3 |  4- 6 || total
-------------------------+-------+-------++-------
Melee: Dagger            |   125 |    30 ||   155
       Bite              |    14 |     5 ||    19
 Stab: Sleeping          |     8 |     4 ||    12
Armor: Robe              |    17 |     4 ||    21
Dodge: Dodged            |    63 |    12 ||    75
